AoeStats
← Ebrio

Arena

509491887Analyzed
4v4 RM · 6d ago on Sep 27, 2026· 56m 43s· 8 players
Game mode
Random Map
Map size
Large (8 player)
Population
200
Speed
Normal
Resources
Standard
Victory
Conquest
Starting age
Dark Age
Ending age
Imperial Age
RankedLock teamsTeams togetherTeam positionsShared explorationLock speedFull tech treeHidden civsTurbo modeCheats
Victory
Defeat
🇺🇸 Bohemians · United States
817
+18
🇲🇽 Khmer · Mexico
767
+20
🇲🇽 Britons · Mexico
752
+21
🇺🇸 Romans · United States
709
+22
🇹🇷 Britons · Türkiye
905
-22
🇦🇷 Persians · Argentina
856
-20
🇹🇷 Huns · Türkiye
855
-20
🇦🇺 Bohemians · Australia
812
-19
colossal_nutz91
11:47 Feudal Age
13:14 Man-at-Arms
21:28 Castle Age
20:41 Double-Bit Axe
20:41 Horse Collar
22:03 Wheelbarrow
21:57 Long Swordsman
22:43 Squires
24:49 Scale Mail Armor
26:51 Chain Mail Armor
29:02 Forging
33:16 Imperial Age
34:04 Legionary
39:51 Iron Casting
43:20 Blast Furnace
43:07 Bow Saw
43:01 Heavy Plow
43:29 Heavy Scorpion
50:35 Fletching
55:03 Chemistry
54:25 Ballistics
55:44 Elite Centurion
56:31 Ballistas
56:48 Comitatenses
Silver
0:29 Loom
4:20 Loom
10:11 Feudal Age
12:14 Double-Bit Axe
12:45 Horse Collar
13:56 Wheelbarrow
17:20 Castle Age
18:40 Bow Saw
18:31 Stone Mining
22:52 Gold Mining
25:06 Heavy Plow
27:06 Gold Shaft Mining
27:18 Stone Shaft Mining
27:40 Hand Cart
31:25 Imperial Age
30:37 Husbandry
30:47 Bloodlines
29:58 Light Cavalry
31:40 Fervor
32:30 Forging
32:28 Scale Barding Armor
33:18 Crop Rotation
32:52 Fletching
33:03 Padded Archer Armor
33:04 Scale Mail Armor
32:28 Elite Battle Elephant
34:07 Double Crossbow
33:28 Elite Ballista Elephant
34:28 Conscription
34:45 Hoardings
33:59 Arson
33:35 Pikeman
36:05 Chemistry
35:26 Ballistics
35:02 Murder Holes
34:45 Heavy Scorpion
38:12 Siege Engineers
39:00 Chain Mail Armor
39:22 Iron Casting
39:17 Chain Barding Armor
39:13 Chain Mail Armor
42:48 Caravan
43:52 Hussar
45:12 Plate Barding Armor
45:38 Blast Furnace
50:51 Cavalier
52:10 Fortified Wall
Williamjason007
11:47 Feudal Age
18:10 Castle Age
16:27 Horse Collar
16:38 Double-Bit Axe
18:40 Forging
18:35 Scale Mail Armor
19:48 Pikeman
20:28 Squires
21:06 Heavy Plow
30:00 Imperial Age
28:07 Arson
29:01 Iron Casting
29:09 Ballistics
30:20 Chain Mail Armor
31:13 Chemistry
30:26 Halberdier
33:37 Blast Furnace
33:43 Houfnice
35:07 Plate Mail Armor
44:43 Hussite Reforms
48:07 Fletching
48:17 Padded Archer Armor
48:45 Bow Saw
49:36 Bodkin Arrow
49:56 Leather Archer Armor
51:49 Bracer
52:19 Ring Archer Armor
gabmtzf23
8:31 Loom
10:57 Feudal Age
15:11 Castle Age
13:33 Double-Bit Axe
17:09 Wheelbarrow
16:30 Horse Collar
21:54 Town Watch
23:06 Caravan
23:04 Crossbowman
26:28 Hand Cart
26:36 Town Patrol
26:46 Heavy Plow
26:58 Bow Saw
26:47 Gold Mining
26:50 Stone Mining
28:06 Fletching
28:16 Padded Archer Armor
32:17 Imperial Age
30:05 Leather Archer Armor
29:47 Bodkin Arrow
32:46 Ballistics
34:04 Chemistry
33:23 Bracer
33:54 Ring Archer Armor
33:54 Yeomen
33:23 Arbalester
37:50 Guilds
38:06 Warwolf
38:35 Conscription
54:43 Onager
55:43 Spies/Treason
57:20 Siege Engineers
57:07 Guard Tower
alpercetiner66
11:21 Feudal Age
18:42 Castle Age
16:25 Horse Collar
16:32 Double-Bit Axe
16:40 Gold Mining
17:02 Stone Mining
17:48 Loom
19:36 Heavy Plow
19:50 Bow Saw
20:17 Gold Shaft Mining
21:03 Wheelbarrow
21:07 Wheelbarrow
20:34 Town Watch
22:57 Treadmill Crane
23:14 Murder Holes
25:14 Ballistics
25:40 Hand Cart
25:57 Town Patrol
27:50 Masonry
28:33 Fletching
28:44 Padded Archer Armor
29:00 Fortified Wall
30:14 Yeomen
30:49 Bodkin Arrow
31:21 Leather Archer Armor
35:52 Imperial Age
34:05 Caravan
35:40 Coinage
36:45 Bracer
37:15 Ring Archer Armor
37:47 Chemistry
36:33 Arrowslits
37:19 Architecture
37:50 Two-Man Saw
37:25 Conscription
37:36 Conscription
38:19 Hoardings
39:18 Elite Longbowman
41:55 Elite Longbowman
42:10 Elite Longbowman
43:16 Forging
43:06 Scale Mail Armor
43:13 Scale Barding Armor
43:51 Cavalier
44:31 Husbandry
45:11 Iron Casting
44:53 Chain Mail Armor
46:16 Chain Barding Armor
46:55 Banking
46:36 Guilds
47:43 Blast Furnace
47:49 Blast Furnace
48:12 Plate Barding Armor
Ebrio
0:43 Loom
12:48 Feudal Age
13:30 Double-Bit Axe
14:13 Horse Collar
16:53 Castle Age
18:21 Wheelbarrow
17:58 Bow Saw
17:53 Heavy Plow
32:03 Imperial Age
30:41 Scale Barding Armor
30:47 Forging
31:08 Hand Cart
33:10 Chain Barding Armor
33:25 Iron Casting
35:10 Plate Barding Armor
acetiner
0:35 Loom
15:04 Feudal Age
23:16 Gold Mining
23:09 Horse Collar
23:16 Double-Bit Axe
23:28 Stone Mining
25:58 Fletching
26:19 Forging
26:14 Scale Barding Armor
26:10 Scale Mail Armor
28:23 Castle Age
28:36 Man-at-Arms
29:02 Arson
31:15 Gold Shaft Mining
30:43 Heavy Plow
30:56 Bow Saw
31:12 Bloodlines
31:03 Husbandry
32:50 Bodkin Arrow
33:30 Iron Casting
33:18 Chain Barding Armor
33:13 Chain Mail Armor
37:24 Wheelbarrow
40:06 Imperial Age
39:30 Hand Cart
40:30 Murder Holes
41:46 Marauders
41:07 Elite Tarkan
42:12 Conscription
43:33 Two-Man Saw
43:06 Masonry
44:06 Blast Furnace
43:42 Plate Barding Armor
45:30 Pikeman
46:13 Squires
47:03 Guilds
Bulldog
0:30 Loom
11:09 Feudal Age
15:14 Castle Age
13:31 Double-Bit Axe
17:39 Fervor
26:11 Fletching
26:04 Horse Collar
29:13 Imperial Age
27:00 Bodkin Arrow
27:12 Elite Skirmisher
27:55 Padded Archer Armor
29:16 Wheelbarrow
29:32 Ballistics
31:06 Leather Archer Armor
31:40 Bracer
34:11 Ring Archer Armor
35:03 Chemistry
Connection lost

Rejoining the realm…

Still unreachable

The connection could not be restored.

Session expired

The server has moved on; the page needs a fresh start.